 Dungeon Crawl Stone Soup version 0.31-a0-198-g2ad674f65e (webtiles) character file.

Game seed: 9728002308207674728

12 qw the Shooter (level 2, 0/16 HPs)
             Began as a Deep Elf Hunter on June 25, 2023.
             Succumbed to their own poison gas
             ... on level 1 of the Dungeon.
             The game lasted 00:00:10 (743 turns).

qw the Shooter (Deep Elf Hunter)                     Turns: 743, Time: 00:00:10

Health: 0/16       AC:  6    Str:  8    XL:     2   Next: 20%
Magic:  4/4        EV: 10    Int: 13    God:
Gold:   19         SH:  0    Dex: 18    Spells: 1/1 levels left

rFire   . . .        Y - +0 shortbow
rCold   . . .        (shield currently unavailable)
rNeg    . . .        e - +0 ring mail
rPois   .            (no helmet)
rElec   .            (no cloak)
rCorr   .            h - +0 pair of gloves
SInv    .            (no boots)
Will    .....        (no amulet)
Stlth   +            (no ring)
HPRegen 0.22/turn    (no ring)
MPRegen 0.09/turn

%: no passive effects
@: lethally poisoned (0 -> -4)
A: no striking features
a: no special abilities


You were on level 1 of the Dungeon.
You visited 1 branch of the dungeon, and saw 1 of its levels.

You collected 19 gold pieces.


   Skills:
 - Level 1.5 Fighting
 + Level 6.1 Ranged Weapons
 - Level 2.4 Dodging
 - Level 1.2 Stealth


You had one spell level left.
You didn't know any spells.
Your spell library was empty.

Inventory:

Hand Weapons
 Y - a +0 shortbow (weapon)
Armour
 e - a +0 ring mail (worn)
 h - a +0 pair of gloves (worn)
Scrolls
 a - a scroll of teleportation

Dungeon Overview and Level Annotations

Branches:
Dungeon (1/15)

Altars:

Shops:
D:1 (


Message History

Enter note: Done exploring.
733 ||| READING scroll labelled NEJIMO XIMAI.
As you read the scroll labelled NEJIMO XIMAI, it crumbles to dust.
You feel momentarily disoriented.
It was a scroll of revelation.
Enter note:
Enter note:
Enter note: Done exploring.
734 ||| READING 3 scrolls labelled SEUZUI COXI.
The air fills with toxic fumes!
As you read the scroll labelled SEUZUI COXI, it crumbles to dust.
It was a scroll of poison.
Done exploring.
735 ||| DROPPING scroll of butterflies.
You drop a scroll of butterflies.
Done exploring.
736 ||| DROPPING 2 scrolls of poison.
You drop 2 scrolls of poison.
Done exploring.
Done exploring.
Enter note:
Enter note:
Enter note: Really walk into that cloud of poison gas?
You are engulfed in poison gas.
You are lethally poisoned!
You feel very sick.
738 ||| Stepping ~*~*~tactically~*~*~ (cloud).
You feel very sick.
Things that are here:
2 scrolls of poison; a scroll of butterflies
There is a lethal amount of poison in your body!
You feel very sick.
There is a lethal amount of poison in your body!
You feel sick.
There is a lethal amount of poison in your body!
You feel sick.
There is a lethal amount of poison in your body!
You feel sick.
There is a lethal amount of poison in your body!
You die...

######.#...#....#
#.#.....####### ######
#.#...#########
.....#####¤....#########
.........¤¤0..##########
.......###¤¤0.##########
......####0¤¤0##########
.........00¤¤¤¤0000¤¤00#
.....########¤00@¤0¤0¤0#
.....# ####¤0000¤¤¤¤¤#
.....# ####¤0¤¤0¤0000#
.....# ####¤¤¤¤¤¤¤¤0¤#
.....# ####¤¤0¤¤¤¤0¤¤#
.....# ####¤¤00¤¤¤0¤0#
.....# ####¤¤¤00¤000¤#
###### ####..........#
############


There were no monsters in sight!

Vanquished Creatures
  4 bats (D:1)
  A goblin (D:1)
  A hobgoblin (D:1)
  A quokka (D:1)
  2 ball pythons (D:1)
  2 frilled lizards (D:1)
11 creatures vanquished.

Notes
Turn   | Place    | Note
-------+----------+-------------------------------------------
     0 | D:1      | qw the Deep Elf Hunter began the quest for the Orb.
     0 | D:1      | Reached XP level 1. HP: 12/12 MP: 3/3
     0 | D:1      | 0 ||| qw: Version: 0.3-a-22-g0ed2b0b
     0 | D:1      | 0 ||| qw: Game counter: 5289
     0 | D:1      | 0 ||| qw: Melee chars always use a shield: true
     0 | D:1      | 0 ||| qw: God list: Okawaru
     0 | D:1      | 0 ||| qw: Allow faded altars: false
     0 | D:1      | 0 ||| qw: Do Orc after clearing Dungeon:15 true
     0 | D:1      | 0 ||| qw: Do second Lair branch before Depths: true
     0 | D:1      | 0 ||| qw: Lair rune preference: random
     0 | D:1      | 0 ||| qw: Goals: Normal
     0 | D:1      | 0 ||| PLANNING D:1-11
   236 | D:1      | Found Lel Ysh's Antique Weapon Boutique.
   243 | D:1      | Reached XP level 2. HP: 16/16 MP: 4/4
   378 | D:1      | Reached skill level 6 in Ranged Weapons
   712 | D:1      | 712 ||| UPGRADING to +0 ring mail.
   722 | D:1      | 722 ||| DROPPING +0 leather armour.
   723 | D:1      | 723 ||| UPGRADING to +0 pair of gloves.
   728 | D:1      | 728 ||| READING 2 scrolls labelled KUOPUDW YGAD YSK.
   733 | D:1      | 733 ||| READING scroll labelled NEJIMO XIMAI.
   734 | D:1      | 734 ||| READING 3 scrolls labelled SEUZUI COXI.
   735 | D:1      | 735 ||| DROPPING scroll of butterflies.
   736 | D:1      | 736 ||| DROPPING 2 scrolls of poison.
   738 | D:1      | 738 ||| Stepping ~*~*~tactically~*~*~ (cloud).
   740 | D:1      | HP: 3/16 [poisoned by you (poison gas)]
   742 | D:1      | HP: 1/16 [poisoned by you (poison gas)]
   743 | D:1      | Succumbed to their own poison gas

Levels and vault maps discovered:
D:1:      minmay_arrival_up_and_down, layout_basic, serial_shops, shop,
          chequers_serial_rivers_micro_a

Skill      XL: |  1  2 |
---------------+-------+-----
Ranged Weapons | 6 |  6.1
Fighting       | |  1.5
Dodging        | |  2.4
Stealth        | |  1.2

Action                     || total
---------------------------++-------
   Fire: Shortbow          ||    25
    Use: Scroll            ||     3
 Armour: Leather armour    ||     2
  Dodge: Dodged            ||     4

Table legend:
 A = Non-vault XP
 B = Vault XP
 C = Vault XP percentage of total XP
 D = Non-vault monster count
 E = Vault monster count
 F = Vault count percentage of total count
                 A         B        C        D         E       F
            +---------+---------+-------+---------+---------+-------
      Total |      18 |       0 |   0.0 |      11 |       0 |   0.0
            +---------+---------+-------+---------+---------+-------
        D:1 |      18 |       0 |   0.0 |      11 |       0 |   0.0
            +---------+---------+-------+---------+---------+-------
